 Dungeon Crawl Stone Soup version 0.32-a0-913-g739538afd8 (webtiles) character file.

Game seed: 1177093248615745830

16344 DEFE the Severer (level 12, -9/81 HPs)
             Began as a Coglin Fighter on Apr 8, 2024.
             Was a High Priest of Okawaru.
             Mangled by a polar bear (18 damage)
             ... on level 1 of the Lair of Beasts.
             The game lasted 00:13:49 (14231 turns).

DEFE the Severer (Coglin Fighter)                  Turns: 14231, Time: 00:13:49

Health: -9/81      AC: 21    Str: 24    XL:     12   Next: 36%
Magic:  12/12      EV:  5    Int: 10    God:    Okawaru [*****.]
Gold:   663        SH:  0    Dex: 13    Spells: 11/11 levels left

rFire   + . .        j - +4 flail {Teghnoor}
rCold   . . .        h - +4 hand axe {Yuphin}
rNeg    . . .        w - +0 plate armour
rPois   .            J - +2 helmet
rElec   .            k - +2 cloak
rCorr   .            A - +0 pair of gloves
SInv    .            F - +0 pair of boots
Will    .....        (amulet unavailable) Stlth
                     (ring unavailable)
HPRegen 0.33/turn    (ring unavailable)
MPRegen 0.13/turn    (no gizmo)

%: no passive effects
@: revved
A: off-hand wielding, slow wielding, warmup strikes, no jewellery, iridescent
scales 1, clever 1, fire resistance 1, strong 1, evolution 1
a: Invent Gizmo, Renounce Religion, Heroism, Finesse, Duel


You were on level 1 of the Lair of Beasts.
You worshipped Okawaru.
Okawaru was extremely pleased with you.
You visited 3 branches of the dungeon, and saw 14 of its levels.
You also visited: Sewer and Ossuary.

You collected 663 gold pieces.

Inventory:

Hand Weapons
 a - a +0 war axe {Bianca}
 h - a +4 hand axe (offhand) {Yuphin}
 j - a +4 flail (weapon) {Teghnoor}
 n - a +0 hand axe of freezing
 s - a +2 short sword of electrocution {Ilshubani}
 y - a +0 dagger of draining {Nittaya}
 E - a +2 dagger of venom {Fernanda}
Missiles
 d - 7 curare-tipped darts (quivered)
Armour
 c - +0 steam dragon scales
 k - a +2 cloak (worn)
 w - a +0 plate armour (worn)
 A - a +0 pair of gloves (worn)
 F - a +0 pair of boots (worn)
 J - a +2 helmet (worn)
Talismans
 e - a talisman of death
Wands
 b - a wand of polymorph (9)
 l - a wand of mindburst (5)
 H - a wand of roots (5)
Scrolls
 f - 4 scrolls of vulnerability
 g - a scroll of noise
 m - 6 scrolls of fog
 o - 2 scrolls of enchant weapon
 p - 4 scrolls of enchant armour
 u - 6 scrolls of teleportation
 z - a scroll of brand weapon
 C - 2 scrolls of amnesia
 I - a scroll of blinking
Potions
 i - 3 potions of heal wounds
 q - a potion of brilliance {unknown}
 r - 2 potions of enlightenment {unknown}
 t - 2 potions of curing
 v - a potion of lignification {unknown}
 x - 2 potions of mutation
 B - 2 potions of attraction {unknown}
 D - 2 potions of berserk rage {unknown}
 G - 4 potions of haste {unknown}


   Skills:
 - Level 3.0 Fighting
 - Level 18.0 Axes
 - Level 2.6 Armour
 - Level 2.1 Shields
 * Level 10.1 Evocations


You had 11 spell levels left.
You didn't know any spells.
Your spell library contained the following spells:

 Spells                   Type           Power      Damage    Failure   Level
 Foxfire                  Conj/Fire      0%         2x1d4     100%        1
 Teleport Other           Tloc           0%         N/A       100%        3
 Plasma Beam              Fire/Air       0%         2x1d10    100%        6
 Starburst                Conj/Fire      0%         6d3       100%        6
 Disjunction              Tloc           0%         N/A       100%        8
 Malign Gateway           Summ/Tloc      Unusable   N/A       N/A         7

Dungeon Overview and Level Annotations

Branches:
Dungeon (12/15)            Temple (1/1) D:5            Lair (1/5) D:9
    Orc (0/2) D:10          Sewer (visited)         Ossuary (visited)

Altars:
Ashenzari
Cheibriados
Dithmenos
Elyvilon
Fedhas
Gozag
Hepliaklqana
Kikubaaqudgha
Makhleb
Nemelex Xobeh
Okawaru
Qazlal
Ru
Sif Muna
Trog
Uskayaw
Vehumet
Wu Jian
Xom
Yredelemnul
Zin
The Shining One

Annotations:
D:7 1 runed translucent door, Crazy Yiuf
D:8 2 transporters
D:11 1 runed translucent door, shadizar's ghost, journeyman DjCj


Innate Abilities, Weirdness & Mutations

You can wield a second weapon in your off-hand.
It takes a long time for you to wield or remove held weapons.
Your first few attacks do less damage.
You cannot equip rings or amulets.
You are partially covered in iridescent scales. (AC +2)
Your mind is acute. (Int +4, Str/Dex -1)
Your flesh is heat resistant. (rF+)
Your muscles are strong. (Str +4, Int/Dex -1)
You have hidden genetic potential.


Message History

The polar bear closely misses you. The polar bear barely misses you.
The polar bear claws you but does no damage.
Unknown command.
You thump the wyvern with your +4 flail!
The wyvern is almost dead.
You hit the wyvern with your +4 hand axe.
You kill the wyvern!
Okawaru accepts your kill.
You hit the polar bear with your +4 hand axe.
The polar bear bites you but does no damage.
The polar bear claws you but does no damage. x2
Unknown command.
You slash the polar bear with your +4 hand axe!
The polar bear is heavily wounded.
You completely miss the polar bear with your +4 flail.
Unknown command.
Unknown command.
You hit the polar bear with your +4 flail.
The polar bear is heavily wounded.
You hit the polar bear with your +4 hand axe.
The polar bear bites you!
* * * LOW HITPOINT WARNING * * *
The polar bear claws you but does no damage. x2
You barely miss the polar bear with your +4 hand axe.
The polar bear is severely wounded.
You barely miss the polar bear with your +4 flail.
The polar bear bites you but does no damage.
The polar bear claws you but does no damage.
The polar bear claws you.
* * * LOW HITPOINT WARNING * * *
You completely miss the polar bear with your +4 flail.
The polar bear is severely wounded.
You hit the polar bear with your +4 hand axe.
The polar bear goes berserk!
Unknown command.
You hit the polar bear but do no damage.
The polar bear is severely wounded.
You sock the polar bear with your +4 flail!
The polar bear bites you!!
You die...

..............
...........
.........# #..††#
#...## ##...# #..††#
##..†+ ##..@# #..†h#
. #....#
...#########...###.P
....................
.......<............
....................
....................
....................


You could see a polar bear (berserk).

Vanquished Creatures
  Snorg (D:12)
  A two-headed ogre (D:11)
  Sonja (D:10)
  Pikel (D:8)
  2 manticores
  3 cane toads (Lair:1)
  An unseen horror (D:12)
  Maggie (D:10)
  A kobold demonologist (D:9)
  2 hornets
  The ghost of Domino the Chopper, an amateur MDFi (D:6)
  6 trolls
  Sigmund (D:3)
  3 shadows
  A human (D:10)
  A wraith (D:12)
  A wyvern (Lair:1)
  13 yaks
  2 steam dragons (D:8)
  2 vampire mosquitoes (D:10)
  2 acid dragons
  4 water moccasins
  6 orc warriors
  A black bear (D:4)
  An ice beast (D:6)
  2 ogres
  12 wolves
  A centaur (D:6)
  2 phantoms
  A lemure (D:8)
  4 kobold brigands
  2 elf zombies (Ossuary)
  4 bullfrogs
  2 gnoll sergeants
  A brain worm (Sewer)
  3 scorpions
  9 wights
  15 killer bees
  4 electric eels
  2 howler monkeys
  A bombardier beetle (D:3)
  2 centaur zombies (Ossuary)
  2 human zombies (Ossuary)
  A jelly (D:6)
  2 hounds (D:9)
  4 orc priests (D:10)
  Terence (D:3)
  A scorpion zombie (D:5)
  2 sleepcaps
  11 orc wizards
  5 hound zombies (Ossuary)
  2 hound skeletons (D:5)
  2 mummies (Ossuary)
  8 gnolls
  9 adders
  A howler monkey skeleton (D:5)
  A river rat (D:5)
  3 shadow imps
  2 adder zombies
  An adder skeleton (D:5)
  6 ribbon worms
  43 orcs
  7 endoplasms
  6 giant cockroaches
  7 gnoll zombies (Ossuary)
  5 goblins
  10 hobgoblins
  5 jackals
  2 quokkas
  13 ball pythons
  5 bats
  2 frilled lizards (D:1)
  9 jackal zombies (Ossuary)
  29 kobolds
  5 kobold zombies (Ossuary)
  4 orc zombies (Ossuary)
  9 rats
351 creatures vanquished.

Vanquished Creatures (others)
  3 orcs (D:8)
3 creatures vanquished.

Grand Total: 354 creatures vanquished

Notes
Turn   | Place    | Note
-------+----------+-------------------------------------------
     0 | D:1      | DEFE the Coglin Fighter began the quest for the Orb.
     0 | D:1      | Reached XP level 1. HP: 18/18 MP: 1/1
   116 | D:1      | Reached XP level 2. HP: 22/24 MP: 2/2
   121 | D:1      | Reached skill level 3 in Axes
   266 | D:1      | Reached XP level 3. HP: 29/29 MP: 3/3
  1008 | D:2      | Reached skill level 4 in Axes
  1027 | D:2      | Found a faded altar of an unknown god.
  1042 | D:2      | Reached XP level 4. HP: 34/35 MP: 4/4
  1547 | D:3      | Noticed Sigmund
  1561 | D:3      | Killed Sigmund
  1562 | D:3      | Reached skill level 6 in Axes
  1562 | D:3      | Reached XP level 5. HP: 21/41 MP: 5/5
  1562 | D:3      | Reached XP level 6. HP: 24/47 MP: 6/6
  2124 | D:3      | Noticed Terence
  2129 | D:3      | Killed Terence
  2513 | D:3      | Reached skill level 7 in Axes
  2700 | D:4      | Found an ancient bone altar of Kikubaaqudgha.
  2811 | D:4      | Reached XP level 7. HP: 45/52 MP: 7/7
  3048 | D:4      | Reached skill level 8 in Axes
  3790 | D:5      | Entered Level 5 of the Dungeon
  3792 | D:5      | Found a glowing drain.
  3817 | Sewer    | Entered a sewer
  3895 | Sewer    | Reached skill level 9 in Axes
  3895 | Sewer    | Reached XP level 8. HP: 39/58 MP: 4/8
  3950 | D:5      | Noticed a yak
  3957 | D:5      | Noticed a yak
  3957 | D:5      | Noticed a yak
  3957 | D:5      | Noticed a yak
  3958 | D:5      | Noticed a yak
  3959 | D:5      | Noticed a yak
  3960 | D:5      | Killed a yak
  3977 | D:5      | Killed a yak
  3978 | D:5      | Reached skill level 10 in Axes
  3984 | D:5      | Killed a yak
  3986 | D:5      | Killed a yak
  3990 | D:5      | Killed a yak
  3991 | D:5      | Reached skill level 11 in Axes
  3993 | D:5      | Killed a yak
  3994 | D:5      | Reached XP level 9. HP: 19/63 MP: 9/9
  4187 | D:5      | Found a broken altar of Ashenzari.
  4212 | D:5      | Found a sand-covered staircase.
  4223 | Ossuary  | Entered an ossuary
  4539 | Ossuary  | Reached skill level 12 in Axes
  4825 | D:5      | Found a staircase to the Ecumenical Temple.
  4837 | Temple   | Entered the Ecumenical Temple
  4844 | Temple   | Became a worshipper of Warmaster Okawaru
  4899 | D:5      | Got Epemp's Monograph on Places
  5132 | D:6      | Found a runed translucent door.
  5171 | D:6      | Noticed Domino's ghost (amateur MDFi)
  5473 | D:6      | Reached skill level 13 in Axes
  5811 | D:6      | Reached * piety under Okawaru
  5827 | D:6      | Found a runed translucent door.
  5887 | D:6      | Killed Domino's ghost
  6033 | D:6      | Reached XP level 10. HP: 35/70 MP: 10/10
  6599 | D:7      | Reached skill level 14 in Axes
  7013 | D:7      | Paralysed by a hornet for 2 turns
  7385 | D:7      | Found a runed translucent door.
  7386 | D:7      | Noticed Crazy Yiuf
  7637 | D:8      | Reached ** piety under Okawaru
  7961 | D:8      | Found a transporter.
  7961 | D:8      | Found a white marble altar of Elyvilon.
  7976 | D:8      | Found a transporter.
  8199 | D:8      | Found a shimmering blue altar of Sif Muna.
  8267 | D:8      | Noticed Pikel
  8287 | D:8      | Killed Pikel
  8288 | D:8      | Reached skill level 15 in Axes
  8365 | D:8      | Gained mutation: Your mind is acute. (Int +4, Str/Dex -1)
                  | [potion of mutation]
  8365 | D:8      | Gained mutation: You have hidden genetic potential. [potion
                  | of mutation]
  8365 | D:8      | Gained mutation: Your muscles are strong. (Str +4, Int/Dex
                  | -1) [potion of mutation]
  8365 | D:8      | Gained mutation: You are partially covered in iridescent
                  | scales. (AC +2) [potion of mutation]
  8742 | D:8      | Found a sparkling altar of Nemelex Xobeh.
  9637 | D:9      | Reached *** piety under Okawaru
  9654 | D:9      | Reached skill level 16 in Axes
  9654 | D:9      | Reached XP level 11. HP: 57/75 MP: 11/11
  9921 | D:9      | Found a staircase to the Lair.
 10418 | D:10     | Entered Level 10 of the Dungeon
 10622 | D:10     | Reached **** piety under Okawaru
 10630 | D:10     | Gained mutation: Your flesh is heat resistant. (rF+)
                  | [hidden potential]
 10915 | D:10     | Reached skill level 17 in Axes
 11164 | D:9      | Reached skill level 1 in Evocations
 11743 | D:10     | Paralysed by a hornet for 1 turns
 11753 | D:10     | Found a staircase to the Orcish Mines.
 11779 | D:10     | Noticed Maggie
 11793 | D:10     | Killed Maggie
 12138 | D:10     | Noticed Sonja
 12146 | D:10     | Killed Sonja
 12146 | D:10     | Reached ***** piety under Okawaru
 12321 | D:10     | Noticed a manticore
 12327 | D:10     | Killed a manticore
 12328 | D:10     | Reached skill level 5 in Evocations
 12754 | D:11     | Noticed shadizar's ghost (journeyman DjCj)
 13063 | D:11     | Noticed a two-headed ogre
 13069 | D:11     | Killed a two-headed ogre
 13193 | D:11     | Found a sacrificial altar of Ru.
 13336 | D:11     | Reached XP level 12. HP: 44/81 MP: 12/12
 13541 | D:11     | Found a runed translucent door.
 13832 | D:12     | Noticed Snorg
 13839 | D:12     | Killed Snorg
 14014 | D:12     | Received a gift from Okawaru
 14173 | Lair:1   | Entered Level 1 of the Lair of Beasts
 14196 | Lair:1   | Gained mutation: You have great hidden genetic potential.
                  | [hidden potential]
 14196 | Lair:1   | Lost mutation: You have great hidden genetic potential.
                  | [hidden potential expressed]
 14202 | Lair:1   | Reached skill level 18 in Axes
 14222 | Lair:1   | Reached skill level 10 in Evocations
 14231 | Lair:1   | Mangled by a polar bear

Illustrated notes

Levels and vault maps discovered:
D:1:      amcnicky_arrival_gap_in_the_tavern_cellar, layout_loops_cross,
          corexii_corridor_pit
D:2:      layout_loops_ring, ebering_ecumenical_altar_abandoned
D:3:      layout_basic, uniq_sigmund, uniq_terence
D:4:      layout_cave_pods, mainiacjoe_overflow_paths
D:5:      layout_rooms, nicolae_ashenzari_skybound, minmay_temple_entry_wispy,
          mainiacjoe_ossuary_entry_find_the_door, cheibrodos_sewer_entry_sluice,
          minmay_misc_feat_five, grunt_decor_resistance, chequers_jeans
D:6:      layout_basic, ebering_ghost_sewer_f
D:7:      layout_rooms, uniq_crazy_yiuf_cottage
D:8:      layout_rooms, mainiacjoe_overflow_catch_the_wave, elyvilon_altar_4,
          uniq_pikel
D:9:      layout_rooms, erik_lair_island
D:10:     layout_basic, erik_orc_4, hangedman_glass_teeth,
          kennysheep_generic_room_2, uniq_sonja, uniq_maggie
D:11:     layout_loops_ring, hellmonk_ghost_big_iron,
          nicolae_ru_great_annihilating_truth
D:12:     layout_stronghold, minmay_misc_feat_tower, hangedman_aviary,
          uniq_snorg
Temple:   sentei_temple_godly_chess
Lair:1:   layout_regular_city

Skill      XL: |  1  2  3  4  5  6  7  8  9 10 11 12 |
---------------+-------------------------------------+-----
Axes           | 3 4 6 7 9 11 13 16 17 18 | 18.0
Evocations     | 7 10 | 10.1
Fighting       | |  3.0
Armour         | |  2.6
Shields        | |  2.1

Action                     |  1- 3 |  4- 6 |  7- 9 | 10-12 || total
---------------------------+-------+-------+-------+-------++-------
  Melee: War axe           |   100 |    66 |       |       ||   166
         Short sword       |    12 |    98 |   331 |   158 ||   599
         Dagger            |       |    29 |   312 |   224 ||   565
         Hand axe          |       |       |       |   331 ||   331
         Flail             |       |       |       |   262 ||   262
  Throw: Dart              |       |       |       |     5 ||     5
 Invoke: Heroism           |       |       |     1 |     3 ||     4
  Evoke: Wand              |       |       |       |    29 ||    29
    Use: Potion            |       |       |     3 |     9 ||    12
         Scroll            |       |       |     6 |     9 ||    15
   Stab: Paralysed         |       |       |       |     1 ||     1
 Armour: Scale mail        |    33 |       |       |       ||    33
         Chain mail        |    66 |     9 |       |       ||    75
         Plate armour      |       |    96 |   347 |   643 ||  1086
  Dodge: Dodged            |    45 |    30 |    90 |   164 ||   329
  Block: Buckler           |    25 |       |       |       ||    25

Table legend: (Time is in decaauts)
 A = Elapsed time spent in this place.
 B = Non-inter-level travel time spent in this place.
 C = Inter-level travel time spent in this place.
 D = Time resting spent in this place.
 E = Time spent auto-exploring this place.
 F = Levels seen in this place.
 G = Mean time per level.
                   A        B        C        D        E       F      G
               +--------+--------+--------+--------+--------+-----+--------+
         Total |  14220 |  13732 |    488 |   4652 |   6609 |  16 |  888.8 |
       Dungeon |  13607 |  13122 |    485 |   4646 |   6307 |  12 | 1133.9 |
        Temple |     11 |      8 |      3 |      0 |      0 |   1 |   11.0 |
          Lair |     49 |     49 |      0 |      0 |     12 |   1 |   49.0 |
         Sewer |    122 |    122 |      0 |      6 |     57 |   1 |  122.0 |
       Ossuary |    428 |    428 |      0 |      0 |    233 |   1 |  428.0 |
               +--------+--------+--------+--------+--------+-----+--------+

Top non-repeatable levels by time:
    D:10: 1942 daAuts
     D:8: 1820 daAuts
     D:9: 1543 daAuts
     D:6: 1194 daAuts
     D:4: 1182 daAuts
     D:7: 1172 daAuts
    D:11: 1112 daAuts
     D:3: 1065 daAuts
     D:1: 795 daAuts
     D:2: 788 daAuts
     D:5: 721 daAuts
 Ossuary: 428 daAuts
    D:12: 267 daAuts
   Sewer: 122 daAuts
  Lair:1: 49 daAuts
